 Dungeon Crawl Stone Soup version 0.30-a0-743-gbfdf073431 (webtiles) character file.

Game seed: 11748508651930736760

7971 Lavandula the Slicer (level 11, -4/81 HPs)
             Began as a Human Monk on Feb 6, 2023.
             Was a Believer of Elyvilon.
             Slain by a red ugly thing (21 damage)
             ... on level 11 of the Dungeon.
             The game lasted 00:16:25 (11039 turns).

Lavandula the Slicer (Human Monk)                  Turns: 11039, Time: 00:16:26

Health: -4/81      AC: 14    Str: 14    XL:     11   Next: 47%
Magic:  9/13       EV: 14    Int: 10    God:    Elyvilon [**....]
Gold:   381        SH:  0    Dex: 18    Spells: 10/10 levels left

rFire   . . .      SeeInvis .    l - +1 dagger (elec)
rCold   . . .      Faith    .    t - orb {light}
rNeg    . . .      Spirit   .    w - +0 ring mail {rPois}
rPois   +          Reflect  .    j - +1 helmet
rElec   .          Harm     .    C - +2 cloak {rPois}
rCorr   .          Rampage  .    (no gloves)
Will    .....                    F - +1 pair of boots
Stlth   +                        (no amulet)
HPRegen 0.33/turn                (no ring)
MPRegen 0.13/turn                (no ring)

@: glowing
A: no striking features
a: Renounce Religion, Purification, Heal Other


You were on level 11 of the Dungeon.
You worshipped Elyvilon.
Elyvilon was pleased with you.
You visited 2 branches of the dungeon, and saw 12 of its levels.

You collected 553 gold pieces.
You spent 172 gold pieces at shops.

Inventory:

Hand Weapons
 a - a +0 falchion
 e - a +0 long sword
 l - a +1 dagger of electrocution (weapon)
Missiles
 m - 45 poisoned darts (quivered)
 z - 3 silver boomerangs
Armour
 j - a +1 helmet (worn)
 o - a +3 chain mail of cold resistance
 t - an orb of light (worn)
 w - a +0 ring mail of poison resistance (worn)
 C - a +2 cloak of poison resistance (worn)
 F - a +1 pair of boots (worn)
Jewellery
 g - a ring of protection from fire
 n - a ring of ice
 y - a +6 ring of intelligence
 I - a ring of wizardry
Wands
 s - a wand of charming (8)
 u - a wand of iceblast (4)
 G - a wand of flame (29)
Scrolls
 f - 2 scrolls of immolation
 i - 2 scrolls of magic mapping
 k - 4 scrolls of silence
 v - 2 scrolls of poison
 H - 2 scrolls of identify
 J - a scroll of enchant weapon {unknown}
Potions
 b - 2 potions of lignification {unknown}
 c - a potion of ambrosia
 d - 4 potions of heal wounds {unknown}
 h - 7 potions of curing
 p - a potion of mutation {unknown}
 q - a potion of haste {unknown}
 r - 3 potions of brilliance
 x - a potion of cancellation {unknown}
 A - a potion of attraction {unknown}
 B - a potion of might {unknown}
 D - a potion of degeneration {unknown}
 E - a potion of flight {unknown}


   Skills:
 - Level 6.1 Fighting
 - Level 9.7(10.0) Short Blades
 - Level 3.7(7.2) Long Blades
 - Level 8.2 Armour
 - Level 7.0 Dodging
 - Level 6.5 Stealth
 + Level 3.1 Invocations
 - Level 3.4 Evocations


You had 10 spell levels left.
You didn't know any spells.
Your spell library contained the following spells:

 Spells                   Type           Power      Damage    Failure   Level
 Necrotise                Necr           0%         1d4       56%         1
 Ensorcelled Hibernation  Hex/Ice        0%         N/A       71%         2
 Passwall                 Tmut/Erth      0%         N/A       71%         2
 Static Discharge         Conj/Air       0%         2-2/arc   71%         2
 Hailstorm                Conj/Ice       0%         3d3       90%         3
 Swiftness                Air            0%         N/A       90%         3
 Vampiric Draining        Necr           0%         2d6       90%         3
 Vhi's Electric Charge    Tloc/Air       0%         N/A       90%         3
 Ice Form                 Ice/Tmut       0%         N/A       100%        4
 Agony                    Necr           0%         N/A       100%        5
 Arcjolt                  Conj/Air       0%         1d10      100%        5
 Lightning Bolt           Conj/Air       0%         1d11      100%        5
 Simulacrum               Ice/Necr       0%         N/A       100%        6


Dungeon Overview and Level Annotations

Branches:
Dungeon (11/15)            Temple (1/1) D:6            Lair (0/5) D:10
    Orc: D:9-12

Altars:
Ashenzari
Cheibriados
Dithmenos
Elyvilon
Fedhas
Gozag
Hepliaklqana
Kikubaaqudgha
Makhleb
Nemelex Xobeh
Okawaru
Qazlal
Ru
Sif Muna
Trog
Uskayaw
Vehumet
Wu Jian
Xom
Yredelemnul
Zin
The Shining One

Shops:
D:4 =   D:5 =(?[   D:7 ?

Portals:
Trove: D:11 (give 2 scrolls of acquirement)

Annotations:
D:7 exclusion: door


Message History

You destroy the shadow!
Your Invocations skill increases to level 3!
No target in view!
Found a rapier and 6 stones.
Items here: )) [[.
There is a stone staircase leading down here.
Key pressed, stopping explore.
Done exploring.
Done exploring.
No target in view!
No target in view!
Done exploring.
(D) Dungeon (T) Temple (L) Lair
Where to? (Enter - D:9 @ (x,y), ? - help)
What level of the Dungeon? (default 1, ? - help)
There is a stone staircase leading down here.
You climb downwards.
Reactivating autopickup.
There is a stone staircase leading up here.
Found a portal to a secret trove of treasure.
Found a stone staircase leading down.
There is a stone staircase leading down here.
You open the door.
There is an open door here.
A red ugly thing comes into view.
A red ugly thing is nearby!
The red ugly thing headbutts you.
You are engulfed in flames!
You barely miss the red ugly thing. The red ugly thing headbutts you!
You are engulfed in flames!!
Press: ? - help, Dir - move target, f - red ugly thing Heal: a red ugly thing (haloed, chance to pacify: 26%)
The light of Elyvilon fails to reach the red ugly thing.
The red ugly thing headbutts you but does no damage.
Press: ? - help, Dir - move target, f/p - red ugly thing Heal: a red ugly thing (haloed, chance to pacify: 26%)
The light of Elyvilon fails to reach the red ugly thing.
The red ugly thing headbutts you!
* * * LOW HITPOINT WARNING * * *
You are engulfed in flames!!
You die...

#.....#.........#
#.....#.........# .
#.....#..#+.....#
..#.....#..#..∩.###
........#..#......
........'>.#......#
###.....#######...#
####..#.........#
#.!@u......
#..#.....##
#..#..#..+ ####..#
.# ..# ..# ..# ###


You could see a red ugly thing.

Vanquished Creatures
  A manticore (D:9)
  A hornet (D:7)
  2 shadows (D:10)
  Sigmund (D:3)
  5 wyverns (D:10)
  16 yaks
  A wraith (D:10)
  A basilisk (D:10)
  4 water moccasins
  3 black bears
  8 orc warriors
  2 sky beasts (D:7)
  An ice beast (D:7)
  An ogre (D:7)
  A wolf (D:9)
  2 phantoms
  5 kobold brigands
  2 gnoll sergeants
  4 scorpions (D:5)
  A crimson imp (D:5)
  A hound (D:7)
  A jelly (D:8)
  6 orc priests
  Terence (D:2)
  Jessica (D:3)
  Ijyb (D:3)
  3 iguanas
  9 orc wizards
  Robin (D:3)
  8 gnolls
  4 adders
  2 ufetubi
  5 worms
  A dart slug (D:5)
  38 orcs
  4 ball pythons
  6 endoplasms
  2 giant cockroaches
  11 goblins
  10 hobgoblins
  4 quokkas
  6 bats
  8 frilled lizards
  25 kobolds
  5 rats
225 creatures vanquished.

Vanquished Creatures (others)
  A wizard (D:4)
  A bush (D:10)
  A fungus (D:10)
  12 plants
15 creatures vanquished.

Grand Total: 240 creatures vanquished

Notes
Turn   | Place    | Note
-------+----------+-------------------------------------------
     0 | D:1      | Lavandula the Human Monk began the quest for the Orb.
     0 | D:1      | Reached XP level 1. HP: 18/18 MP: 1/1
   234 | D:1      | Reached XP level 2. HP: 24/24 MP: 2/2
  1035 | D:2      | Reached XP level 3. HP: 28/29 MP: 3/3
  1096 | D:2      | Reached skill level 1 in Short Blades
  1141 | D:2      | Noticed Terence
  1146 | D:2      | Killed Terence
  1147 | D:2      | Reached skill level 2 in Short Blades
  1147 | D:2      | Reached XP level 4. HP: 29/35 MP: 4/4
  1578 | D:2      | Found a faded altar of an unknown god.
  1898 | D:3      | Noticed Jessica
  1905 | D:3      | Killed Jessica
  1906 | D:3      | Reached skill level 3 in Short Blades
  1906 | D:3      | Reached XP level 5. HP: 26/41 MP: 5/5
  2203 | D:3      | Noticed Sigmund
  2246 | D:3      | Killed Sigmund
  2247 | D:3      | Reached skill level 5 in Short Blades
  2247 | D:3      | Reached XP level 6. HP: 47/47 MP: 6/6
  2254 | D:3      | Found a hide-covered altar of Uskayaw.
  2605 | D:3      | Noticed Robin
  2620 | D:3      | Killed Robin
  2793 | D:3      | Noticed Ijyb
  2817 | D:3      | Killed Ijyb
  2835 | D:3      | Found a radiant altar of Vehumet.
  2905 | D:4      | Found Qiofure's Jewellery Shoppe.
  2949 | D:4      | Found a bloodstained altar of Trog.
  3074 | D:4      | Reached skill level 6 in Short Blades
  3074 | D:4      | Reached XP level 7. HP: 46/52 MP: 7/7
  3142 | D:4      | Noticed a wizard
  3148 | D:4      | Killed a wizard
  3664 | D:5      | Entered Level 5 of the Dungeon
  3676 | D:4      | Reached skill level 7 in Short Blades
  3734 | D:5      | Found Nicujaunk's Magic Scroll Boutique.
  3736 | D:5      | Found Loluss's Weapon Emporium.
  3886 | D:5      | Found Besuzyot's Jewellery Emporium.
  3908 | D:5      | Reached XP level 8. HP: 32/58 MP: 8/8
  4077 | D:5      | Reached skill level 8 in Short Blades
  4314 | D:5      | Reached skill level 9 in Short Blades
  4422 | D:5      | Found Zauqin's Antique Armour Boutique.
  4431 | D:5      | Bought a runed cloak for 172 gold pieces
  4465 | D:5      | Found a burning altar of Makhleb.
  4633 | D:6      | Found a staircase to the Ecumenical Temple.
  4891 | D:6      | Reached skill level 1 in Evocations
  5557 | D:7      | Reached XP level 9. HP: 63/63 MP: 9/9
  6223 | D:7      | Found a blossoming altar of Fedhas.
  6233 | D:7      | Found Beqekhly's Magic Scroll Boutique.
  6274 | D:7      | Reached skill level 5 in Fighting
  6426 | D:7      | Noticed a hornet
  6438 | D:7      | Killed a hornet
  6919 | Temple   | Entered the Ecumenical Temple
  7538 | D:8      | Reached skill level 5 in Dodging
  7598 | D:8      | Found an iron altar of Okawaru.
  7775 | D:9      | Reached XP level 10. HP: 27/76 MP: 10/10
  8261 | D:9      | Reached skill level 1 in Armour
  8327 | D:9      | Noticed a manticore
  8368 | D:9      | Killed a manticore
  9222 | D:10     | Entered Level 10 of the Dungeon
  9263 | D:10     | Reached skill level 5 in Armour
  9855 | D:10     | Found a staircase to the Lair.
  9982 | D:10     | Reached XP level 11. HP: 81/81 MP: 11/11
 10321 | D:10     | Reached skill level 5 in Stealth
 10421 | D:10     | Found a white marble altar of Elyvilon.
 10422 | D:10     | Found a glowing golden altar of the Shining One.
 10427 | D:10     | Became a worshipper of Elyvilon the Healer
 10427 | D:10     | Reached * piety under Elyvilon
 10427 | D:10     | Reached ** piety under Elyvilon
 10597 | D:10     | Reached skill level 1 in Invocations
 11020 | D:11     | Found a portal to a secret trove of treasure.
 11035 | D:11     | Noticed a red ugly thing
 11039 | D:11     | Slain by a red ugly thing

Illustrated notes

Levels and vault maps discovered:
D:1:      wander_arrival_chamber, layout_loops_corners, moated_statue,
          chequers_serial_rivers_micro_e, minmay_pentomino_z4
D:2:      layout_loops_corners, ebering_ecumenical_altar_webs, uniq_terence
D:3:      kb_forest_paths, layout_basic, amcnicky_altar_gilded,
          mainiacjoe_overflow_alcove_4, minmay_misc_feat_ornament, uniq_jessica,
          uniq_robin, uniq_sigmund, uniq_ijyb
D:4:      layout_loops_ring, trog_wizard, serial_rivers,
          chequers_serial_rivers_marsh, chequers_serial_rivers_micro_d,
          chequers_serial_rivers_micro_c, chequers_serial_rivers_marsh,
          chequers_serial_rivers_micro_a, chequers_serial_rivers_small_3,
          grunt_decor_cap, minmay_shop_enchanted_jewellery
D:5:      layout_basic, makhleb_grotto_becter, serial_shops,
          nicolae_shop_advertising_works [nicolae_subvault_shop_adworks], shop,
          shop, nicolae_shop_trees
D:6:      layout_cave_pods, minmay_temple_entry_trees, minmay_lizard_king
D:7:      layout_gridville, fedhas_altar_2, serial_shops, shop,
          chequers_serial_rivers_micro_e
D:8:      layout_rooms, marbit_many_paths
D:9:      layout_roguey
D:10:     layout_basic, jmf_multi_god_temple, minmay_lair_entry_grove
D:11:     layout_grid_maze, enter_trove_1, yredelemnul_forgotten_temple_becter
Temple:   eino_narrow_crystal_temple

Skill      XL: |  1  2  3  4  5  6  7  8  9 10 11 |
---------------+----------------------------------+-----
Short Blades   | 2 3 5 6 7 9 |  9.7
Evocations     | 2 3 |  3.4
Fighting       | 6 |  6.1
Dodging        | 6 7 |  7.0
Armour         | 7 8 |  8.2
Stealth        | 6 |  6.5
Invocations    | 3 |  3.1
Long Blades    | |  3.7

Action                     |  1- 3 |  4- 6 |  7- 9 | 10-12 || total
---------------------------+-------+-------+-------+-------++-------
  Melee: Falchion          |    41 |       |       |       ||    41
         Dagger            |    21 |   152 |   510 |   480 ||  1163
  Throw: Dart              |       |       |     2 |     4 ||     6
 Invoke: Heal Other        |       |       |       |     2 ||     2
  Evoke: Wand              |       |       |     3 |     1 ||     4
    Use: Scroll            |       |     5 |     4 |     1 ||    10
         Potion            |       |       |       |     1 ||     1
   Stab: Sleeping          |     4 |       |       |       ||     4
         Invisible         |       |       |       |     1 ||     1
 Armour: Robe              |    21 |       |       |       ||    21
         Chain mail        |       |    64 |       |       ||    64
         Ring mail         |       |     5 |   122 |   124 ||   251
  Dodge: Dodged            |    56 |    24 |   193 |   194 ||   467

Table legend: (Time is in decaauts)
 A = Elapsed time spent in this place.
 B = Non-inter-level travel time spent in this place.
 C = Inter-level travel time spent in this place.
 D = Time resting spent in this place.
 E = Time spent auto-exploring this place.
 F = Levels seen in this place.
 G = Mean time per level.
                   A        B        C        D        E       F      G
               +--------+--------+--------+--------+--------+-----+--------+
         Total |  10547 |   9821 |    726 |    927 |   7253 |  12 |  878.9 |
       Dungeon |  10378 |   9665 |    713 |    927 |   7103 |  11 |  943.5 |
        Temple |    168 |    156 |     12 |      0 |    150 |   1 |  168.0 |
               +--------+--------+--------+--------+--------+-----+--------+

Top non-repeatable levels by time:
     D:7: 1333 daAuts
    D:10: 1323 daAuts
     D:9: 1221 daAuts
     D:3: 1139 daAuts
     D:6: 1004 daAuts
     D:2: 939 daAuts
     D:1: 899 daAuts
     D:4: 864 daAuts
     D:5: 847 daAuts
     D:8: 784 daAuts
  Temple: 168 daAuts
    D:11: 20 daAuts
